 Dungeon Crawl Stone Soup version 0.26-a0-812-g31a745ddcd (webtiles) character file.

Game seed: 11703924431778064169

78 reriks the Chucker (level 4, -8/45 HPs)
             Began as an Ogre Hunter on Nov 13, 2020.
             Mangled by an orc
             ... wielding a +0 mace
              (9 damage)
             ... on level 2 of the Dungeon.
             The game lasted 00:02:28 (2451 turns).

reriks the Chucker (Ogre Hunter)                    Turns: 2451, Time: 00:02:29

Health: -8/45      AC:  3    Str: 17    XL:     4   Next: 36%
Magic:  4/4        EV: 10    Int: 12    God:
Gold:   174        SH:  0    Dex:  9    Spells: 3/3 levels left

rFire    . . .     SeeInvis .   j - -1 hand axe (curse)
rCold    . . .     Faith    .   (no shield)
rNeg     . . .     Spirit   .   b - +0 robe
rPois    .         Reflect  .   (helmet restricted)
rElec    .         Harm     .   (no cloak)
rCorr    .         Rampage  .   (gloves unavailable)
MR       .....                  (boots unavailable)
Stlth    +.........             (no amulet)
HPRegen  0.15/turn              (no ring)
MPRegen  0.09/turn              (no ring)

@: mighty
A: large, unfitting armour, tough skin 1
a: no special abilities


You were on level 2 of the Dungeon.
You visited 1 branch of the dungeon, and saw 2 of its levels.

You collected 174 gold pieces.

Inventory:

Hand Weapons
 a - a +0 short sword
 j - a cursed -1 hand axe (weapon)
 o - a cursed -3 whip
Missiles
 c - 5 large rocks
 d - 2 throwing nets
 f - 33 stones (quivered)
Armour
 b - a +0 robe (worn)
Jewellery
 p - a cursed amulet of inaccuracy {unknown}
Scrolls
 h - a scroll of identify
 k - a scroll of immolation
 r - a scroll of fear
 t - 2 scrolls of remove curse {unknown}
Potions
 e - 2 potions of might
 g - 2 potions of brilliance {unknown}
 i - a potion of cancellation {unknown}
 l - a potion of lignification {unknown}
 m - a potion of attraction {unknown}
 n - 3 potions of heal wounds {unknown}
 q - a potion of ambrosia {unknown}
 s - 2 potions of mutation {unknown}


   Skills:
 + Level 3.5 Fighting
 + Level 4.3 Throwing
 + Level 1.2 Armour
 + Level 2.3 Dodging
 + Level 1.4 Stealth


You had 3 spell levels left.
You didn't know any spells.
Your spell library was empty.

Dungeon Overview and Level Annotations

Branches:
Dungeon (2/15)

Altars:

Annotations:
D:2 Natasha


Innate Abilities, Weirdness & Mutations

You are too large for most types of armour.
You have tough skin. (AC +1)


Message History

The hobgoblin hits you. Natasha claws you.
Okay, then.
You closely miss Natasha. You hit the white imp but do no damage.
You hit the hobgoblin. You closely miss the orc. You hit the adder.
The white imp hits you. The white imp freezes you.
* * * LOW HITPOINT WARNING * * *
The adder barely misses you. The hobgoblin hits you.
* * * LOW HITPOINT WARNING * * *
The orc hits you but does no damage. Natasha claws you.
* * * LOW HITPOINT WARNING * * *
The orc wizard casts a spell.
The orc wizard blinks!
The white imp hits you.
* * * LOW HITPOINT WARNING * * *
The white imp freezes you.
* * * LOW HITPOINT WARNING * * *
You barely miss Natasha. You hit the white imp. You hit the hobgoblin.
You kill the hobgoblin!
You closely miss the orc. You miss the adder. The adder barely misses you.
The orc hits you with a +0 mace!
You die...

#..........###.# #
#...............
####..........###.#
#.............#
#.(...........#
#...........ยง.#
############.#####..
##....h........
......5@......>
.......oS......
.........######
##...o...# #.......#
#.......# #.......#
#........


You could see an orc wizard, Natasha, an adder, a white imp (summoned) and an
orc.

Vanquished Creatures
  3 gnolls
  2 dart slugs
  2 leopard geckos (D:1)
  An orc (D:2)
  2 giant cockroaches (D:1)
  A goblin (D:1)
  7 hobgoblins
  5 jackals (D:1)
  A quokka (D:2)
  7 bats
  A frilled lizard (D:1)
  2 kobolds (D:1)
  7 rats
41 creatures vanquished.

Notes
Turn   | Place    | Note
-------+----------+-------------------------------------------
     0 | D:1      | reriks the Ogre Hunter began the quest for the Orb.
     0 | D:1      | Reached XP level 1. HP: 22/22 MP: 1/1
   153 | D:1      | Reached XP level 2. HP: 29/29 MP: 2/2
   168 | D:1      | Reached skill level 1 in Stealth
   532 | D:1      | Reached XP level 3. HP: 32/37 MP: 3/3
  1641 | D:1      | HP: 1/37 [gnoll/+0 whip (5)]
  1642 | D:1      | Reached skill level 1 in Armour
  1961 | D:2      | Reached XP level 4. HP: 38/45 MP: 4/4
  2443 | D:2      | Noticed Natasha
  2450 | D:2      | HP: 1/45 [white imp[Natasha] (3)]
  2451 | D:2      | Mangled by an orc

Illustrated notes

Levels and vault maps discovered:
D:1:      onia_arrival_pyramid, layout_basic, minmay_hexomino_c4
D:2:      layout_basic, uniq_natasha, uniq_robin

Skill      XL: |  1  2  3 |
---------------+----------+-----
Stealth        | 1 |  1.4
Fighting       | 3 |  3.5
Dodging        | 2 |  2.3
Armour         | 1 |  1.2
Throwing       | |  4.3

Action                   |  1- 3 |  4- 6 || total
-------------------------+-------+-------++-------
Melee: Short sword       |    30 |       ||    30
       Hand axe          |   110 |    24 ||   134
  Use: Scroll            |     4 |       ||     4
       Potion            |       |     1 ||     1
 Stab: Sleeping          |     1 |       ||     1
Armor: Robe              |    51 |     7 ||    58
Dodge: Dodged            |   111 |    14 ||   125

Table legend: (Time is in decaauts)
 A = Elapsed time spent in this place.
 B = Non-inter-level travel time spent in this place.
 C = Inter-level travel time spent in this place.
 D = Time resting spent in this place.
 E = Time spent auto-exploring this place.
 F = Levels seen in this place.
 G = Mean time per level.
                   A        B        C        D        E       F      G
               +--------+--------+--------+--------+--------+-----+--------+
         Total |   2495 |   2482 |     13 |   1406 |    574 |   2 | 1247.5 |
       Dungeon |   2495 |   2482 |     13 |   1406 |    574 |   2 | 1247.5 |
               +--------+--------+--------+--------+--------+-----+--------+

Top non-repeatable levels by time:
     D:1: 1640 daAuts
     D:2: 854 daAuts
